% Time on Ice - REGINA FALCONS
Lines # - Real PCT - Wanted PCT - Time Play
Normal Forward
1 - 37% - 36% - 19:50
2 - 31% - 31% - 16:56
3 - 23% - 23% - 12:27
4 - 9% - 10% - 4:36
Normal Defense
1 - 31% - 36% - 16:45
2 - 33% - 31% - 17:53
3 - 25% - 23% - 13:15
4 - 11% - 10% - 5:56
PP Forward
1 - 0% - 55%
2 - 0% - 45%
PP Defense
1 - 0% - 55%
2 - 0% - 45%
PK Forward
1 - 64% - 55% - 3:56
2 - 36% - 45% - 2:15
PK Defense
1 - 51% - 55% - 3:11
2 - 49% - 45% - 3:00
PK3 Forward
1 - 0% - 55%
2 - 0% - 45%
PK3 Defense
1 - 0% - 55%
2 - 0% - 45%
44 Forward
1 - 0% - 55%
2 - 0% - 45%
44 Defense
1 - 0% - 55%
2 - 0% - 45%
Last Minute Offensive  - 0:00
Last Minute Defensive  - 0:00
Total
Forward - 60:00
Defense - 60:00
% Time on Ice - LONG BEACH BARACUDAS
Lines # - Real PCT - Wanted PCT - Time Play
Normal Forward
1 - 36% - 36% - 19:24
2 - 31% - 31% - 16:57
3 - 23% - 23% - 12:31
4 - 9% - 10% - 4:57
Normal Defense
1 - 29% - 36% - 15:47
2 - 37% - 31% - 19:53
3 - 28% - 23% - 14:56
4 - 6% - 10% - 3:13
PP Forward
1 - 49% - 55% - 3:00
2 - 51% - 45% - 3:11
PP Defense
1 - 50% - 55% - 3:07
2 - 50% - 45% - 3:04
PK Forward
1 - 0% - 55%
2 - 0% - 45%
PK Defense
1 - 0% - 55%
2 - 0% - 45%
PK3 Forward
1 - 0% - 55%
2 - 0% - 45%
PK3 Defense
1 - 0% - 55%
2 - 0% - 45%
44 Forward
1 - 0% - 55%
2 - 0% - 45%
44 Defense
1 - 0% - 55%
2 - 0% - 45%
Last Minute Offensive  - 0:00
Last Minute Defensive  - 0:00
Total
Forward - 60:00
Defense - 60:00
Play-by-Play 1st period 0:01 of 1st period - William Karlsson wins face-off versus Rickard Rakell in neutral zone. 0:42 of 1st period - Shot by Rickard Rakell. 0:42 of 1st period - Deflect By David Pastrnak. 0:42 of 1st period - Stopped by Pyotr Kochetkov without a rebound. 0:43 of 1st period - Simon Ryfors wins face-off versus Ryan O'Reilly in LONG BEACH BARACUDAS zone. 1:03 of 1st period - Shot by Eric Robinson. 1:03 of 1st period - Stopped by Pyotr Kochetkov without a rebound. 1:04 of 1st period - Cody Glass wins face-off versus Greg Meireles in LONG BEACH BARACUDAS zone. 1:31 of 1st period - Shot by Seth Jarvis. 1:31 of 1st period - Shot Blocked by Matthew Grzelcyk. 1:38 of 1st period - Icing by Alexander Edler. 1:39 of 1st period - Ryan O'Reilly wins face-off versus Greg Meireles in REGINA FALCONS zone. 1:40 of 1st period - Shot by Teuvo Teravainen. 1:40 of 1st period - Shot Misses the Net. 2:58 of 1st period - Derek Stepan is hit by Cole Smith and loses puck. 4:16 of 1st period - Shot by Teuvo Teravainen. 4:16 of 1st period - Shot Misses the Net. 4:18 of 1st period - Shot by Teuvo Teravainen. 4:18 of 1st period - Shot Misses the Net. 4:20 of 1st period - Shot by Ryan O'Reilly. 4:20 of 1st period - Goal by Ryan O'Reilly - REGINA FALCONS : 0 - LONG BEACH BARACUDAS : 1. 4:21 of 1st period - Cody Glass wins face-off versus Greg Meireles in neutral zone. 4:53 of 1st period - Shot by Seth Jarvis. 4:53 of 1st period - Shot Misses the Net. 5:33 of 1st period - Shot by Andreas Athanasiou. 5:33 of 1st period - Shot Misses the Net. 5:35 of 1st period - Shot by Teuvo Teravainen. 5:35 of 1st period - Stopped by Strauss Mann without a rebound. 5:36 of 1st period - William Karlsson wins face-off versus Rickard Rakell in REGINA FALCONS zone. 5:37 of 1st period - Shot by Mark Stone. 5:37 of 1st period - Stopped by Strauss Mann with a rebound. 6:10 of 1st period - Shot by Andrei Kuzmenko. 6:10 of 1st period - Shot Misses the Net. 6:32 of 1st period - William Karlsson is hit by Cole Smith and loses puck. 7:01 of 1st period - Shot by Eric Robinson. 7:01 of 1st period - Shot Misses the Net. 7:06 of 1st period - Shot by Eric Robinson. 7:06 of 1st period - Stopped by Pyotr Kochetkov without a rebound. 7:07 of 1st period - Ryan O'Reilly wins face-off versus Sammy Walker in LONG BEACH BARACUDAS zone. 7:24 of 1st period - Andreas Athanasiou is hit by Aaron Ekblad and loses puck. 7:27 of 1st period - Shot by Ryan O'Reilly. 7:27 of 1st period - Stopped by Strauss Mann with a rebound. 7:45 of 1st period - Shot by Andreas Athanasiou. 7:45 of 1st period - Shot Blocked by Aaron Ekblad. 7:46 of 1st period - Minor Penalty to Aaron Ekblad for Hooking. 7:47 of 1st period - Ryan O'Reilly wins face-off versus Sammy Walker in REGINA FALCONS zone. 7:48 of 1st period - Shot by Teuvo Teravainen. 7:48 of 1st period - Stopped by Strauss Mann without a rebound. 7:49 of 1st period - Ryan O'Reilly wins face-off versus Sammy Walker in REGINA FALCONS zone. 7:54 of 1st period - Shot by Ryan O'Reilly. 7:54 of 1st period - Stopped by Strauss Mann with a rebound. 8:51 of 1st period - Icing by Mark Stone. 8:52 of 1st period - Greg Meireles wins face-off versus William Karlsson in LONG BEACH BARACUDAS zone. 8:59 of 1st period - Shot by John Klingberg. 8:59 of 1st period - Stopped by Pyotr Kochetkov without a rebound. 9:00 of 1st period - Jeff Malott wins face-off versus Andreas Athanasiou in LONG BEACH BARACUDAS zone. 9:23 of 1st period - Shot by Andreas Athanasiou. 9:23 of 1st period - Deflect By Ryan O'Reilly. 9:23 of 1st period - Shot Misses the Net. 9:25 of 1st period - Shot by Justin Braun. 9:25 of 1st period - Shot Blocked by Matthew Grzelcyk. 9:27 of 1st period - Shot by Teuvo Teravainen. 9:27 of 1st period - Shot Blocked by Matthew Grzelcyk. 9:29 of 1st period - Shot by Calvin De Haan. 9:29 of 1st period - Shot Misses the Net. 9:50 of 1st period - David Pastrnak is hit by Cody Glass and loses puck. 10:05 of 1st period - Shot by David Pastrnak. 10:05 of 1st period - Shot Misses the Net. 10:16 of 1st period - Icing by Rickard Rakell. 10:17 of 1st period - William Karlsson wins face-off versus Rickard Rakell in REGINA FALCONS zone. 12:29 of 1st period - Shot by Seth Jarvis. 12:29 of 1st period - Stopped by Strauss Mann with a rebound. 12:31 of 1st period - Shot by Seth Jarvis. 12:31 of 1st period - Shot Blocked by Matthew Grzelcyk. 13:22 of 1st period - Off-side. 13:23 of 1st period - Simon Ryfors wins face-off versus Teuvo Teravainen in neutral zone. 13:53 of 1st period - Shot by Ryan O'Reilly. 13:53 of 1st period - Shot Blocked by Ivan Provorov. 15:16 of 1st period - Rickard Rakell is hit by Calvin De Haan and loses puck. 15:40 of 1st period - Andrei Kuzmenko is hit by Jaden Schwartz and loses puck. 16:37 of 1st period - Matthew Grzelcyk is hit by Ryan O'Reilly and loses puck. 16:46 of 1st period - Shot by Teuvo Teravainen. 16:46 of 1st period - Stopped by Strauss Mann without a rebound. 16:47 of 1st period - Cody Glass wins face-off versus Greg Meireles in REGINA FALCONS zone. 17:17 of 1st period - Icing by Alexander Romanov. 17:18 of 1st period - Cody Glass wins face-off versus Simon Ryfors in LONG BEACH BARACUDAS zone. 17:36 of 1st period - Shot by Mark Stone. 17:36 of 1st period - Goal by Mark Stone - REGINA FALCONS : 0 - LONG BEACH BARACUDAS : 2. 17:37 of 1st period - Ryan O'Reilly wins face-off versus Max Jones in neutral zone. 17:43 of 1st period - Icing by Max Jones. 17:44 of 1st period - William Karlsson wins face-off versus Sammy Walker in REGINA FALCONS zone. 17:44 of 1st period - William Karlsson is hit by Ivan Provorov. 17:54 of 1st period - Shot by William Karlsson. 17:54 of 1st period - Stopped by Strauss Mann with a rebound. 17:56 of 1st period - Shot by Mark Stone. 17:56 of 1st period - Stopped by Strauss Mann with a rebound. 17:58 of 1st period - Shot by William Karlsson. 17:58 of 1st period - Goal by William Karlsson - REGINA FALCONS : 0 - LONG BEACH BARACUDAS : 3. 17:59 of 1st period - Ryan O'Reilly wins face-off versus Simon Ryfors in neutral zone. 19:02 of 1st period - Alexander Romanov is hit by Cole Smith and loses puck. 19:13 of 1st period - Shot by Taylor Hall. 19:13 of 1st period - Stopped by Strauss Mann without a rebound. 19:14 of 1st period - William Karlsson wins face-off versus Rickard Rakell in REGINA FALCONS zone. 19:17 of 1st period - Shot by William Karlsson. 19:17 of 1st period - Deflect By Mark Stone. 19:17 of 1st period - Stopped by Strauss Mann without a rebound. 19:18 of 1st period - Rickard Rakell wins face-off versus William Karlsson in REGINA FALCONS zone. 19:48 of 1st period - Shot by Mark Stone. 19:48 of 1st period - Stopped by Strauss Mann with a rebound. Goals for this period are 0 for REGINA FALCONS vs 3 for LONG BEACH BARACUDAS. Shots for this period are 4 for REGINA FALCONS vs 15 for LONG BEAC